Sewer Rats vs Mustangs
Created - May 2, 2019 at 19:08
Goals
|
| Sewer Rats |
1 |
1 |
0 |
2 |
| Mustangs |
0 |
2 |
2 |
4 |
|
Shots
|
| Sewer Rats |
9 |
20 |
5 |
34 |
| Mustangs |
9 |
11 |
13 |
33 |
|
1st period
1. Sewer Rats , William Karlsson 27 (Martin Frk 25) at 8:28
Penalties :
Andrew Shaw (Ham) for Slashing (Minor) at 9:43, Mark Pysyk (Ham) for Holding (Minor) at 14:13, Mark Pysyk (Ham) for Boarding (Minor) at 18:41
2nd period
2. Mustangs , JT Compher 18 (Pascal Dupuis 5) at 2:19
3. Sewer Rats , Daniel Carr 25 (John Ramage 13, Sergei Kostenko) at 8:24
4. Mustangs , Joshua Leivo 20 (Josh Jooris 25, Jim O'Brien 40) at 9:15
Penalties :
Xavier Ouellet (Tol) for Roughing (Minor) at 6:21
3rd period
5. Mustangs , Josh Jooris 20 (Jim O'Brien 41) at 16:18
6. Mustangs , Jim O'Brien 34 (Joshua Leivo 24, Damon Severson 26) at 18:39
Penalties :
Jarred Tinordi (Tol) for High sticking (Minor) at 9:02
Goalie Stats
Sergei Kostenko (Tol), 29 saves from 33 shots - (0.879), L, 0-4-0, 60:00 minutes
Joacim Eriksson (Ham), 32 saves from 34 shots - (0.941), W, 8-9-2, 60:00 minutes
Players Stats for Sewer Rats
Player Name G A P +/- PIM S H SB GA TA FO MP PP MP PK MP
------------------------------------------------------------------------------------
Anthony Duclair 0 0 0 0 0 0 0 0 0 0 0/0 12:15 0:00 0:00
Connor Carrick 0 0 0 0 0 0 1 0 0 0 0/0 20:56 2:56 0:43
Daniel Carr 1 0 1 0 0 3 2 0 1 1 0/0 17:31 2:59 1:05
Dmitrij Jaskin 0 0 0 0 0 0 2 0 0 0 0/0 7:55 0:00 0:00
Erik Condra 0 0 0 0 0 4 2 1 1 1 0/0 18:07 2:59 1:45
Jarred Tinordi 0 0 0 -1 2 1 3 2 0 0 0/0 27:23 3:01 0:37
Joel Edmundson 0 0 0 0 0 2 1 0 0 1 0/0 25:33 3:01 1:54
John Ramage 0 1 1 0 0 1 1 0 0 0 0/0 20:03 2:56 2:04
Jonathan Marchessault 0 0 0 -2 0 2 1 1 0 2 14/35 20:17 2:58 0:54
Jonathan Racine 0 0 0 -2 0 0 3 0 0 0 0/0 14:02 0:00 1:46
Joseph Blandisi 0 0 0 0 0 1 0 0 0 0 0/0 7:46 0:00 0:00
Mark Mancari 0 0 0 -2 0 4 1 0 0 0 1/2 21:13 2:58 1:50
Martin Frk 0 1 1 0 0 2 1 0 0 0 1/1 12:27 0:00 0:00
Nick Cousins 0 0 0 0 0 2 0 0 0 0 2/2 8:56 0:00 1:01
Ryan Murphy 0 0 0 0 0 0 0 0 0 0 0/0 2:20 0:00 0:00
Tomas Tatar 0 0 0 -2 0 6 3 1 1 0 0/0 20:19 2:58 0:54
Vincent Trocheck 0 0 0 0 0 1 1 1 1 0 4/6 16:53 2:59 0:27
William Karlsson 1 0 1 0 0 5 1 0 0 0 6/9 12:19 0:00 0:00
Xavier Ouellet 0 0 0 -1 2 0 0 0 0 0 0/0 9:45 0:00 0:52
Players Stats for Mustangs
Player Name G A P +/- PIM S H SB GA TA FO MP PP MP PK MP
------------------------------------------------------------------------------------
Alexei Marchenko 0 0 0 1 0 0 0 1 0 1 0/0 20:07 1:53 2:16
Andrew Shaw 0 0 0 0 2 1 3 1 2 0 4/4 20:02 2:04 1:11
Brady Skjei 0 0 0 2 0 5 1 2 1 0 0/0 25:44 2:05 3:41
Curtis Hamilton 0 0 0 0 0 0 0 0 0 0 1/1 7:21 0:05 0:00
Damon Severson 0 1 1 2 0 0 0 2 0 0 0/0 25:44 2:05 3:41
Derek Joslin 0 0 0 -1 0 1 3 0 1 1 0/0 15:45 0:00 1:27
Jerome Samson 0 0 0 0 0 2 0 0 0 0 0/0 7:16 0:03 0:00
Jim O'Brien 1 2 3 2 0 2 2 0 0 0 3/9 16:54 1:51 2:06
Josh Jooris 1 1 2 2 0 6 2 0 0 0 0/1 18:26 1:51 3:17
Joshua Leivo 1 1 2 2 0 4 2 0 0 0 0/0 15:59 1:51 1:29
JT Compher 1 0 1 0 0 3 2 1 0 0 0/0 12:56 0:00 0:00
Mark Pysyk 0 0 0 1 4 0 0 0 0 1 0/0 18:39 1:53 0:49
Melker Karlsson 0 0 0 0 0 1 1 0 0 0 17/28 21:37 2:02 2:42
Michael McCarron 0 0 0 0 0 0 0 0 0 0 0/2 7:13 0:00 0:00
Pascal Dupuis 0 1 1 0 0 4 0 0 0 1 0/0 12:56 0:00 0:00
Scott Mayfield 0 0 0 -1 0 0 0 0 0 0 0/0 14:09 0:00 0:00
Stefan Matteau 0 0 0 0 0 2 0 0 0 0 1/9 14:36 0:05 1:09
Teuvo Teravainen 0 0 0 0 0 2 1 1 1 0 1/1 18:36 2:02 0:00
3 Stars
1 - Jim O'Brien (Ham)
2 - Josh Jooris (Ham)
3 - Joshua Leivo (Ham)
Power Play
Sewer Rats - 0 on 3 Attempt(s) - 0.00%
Mustangs - 0 on 2 Attempt(s) - 0.00%
Penalty Kill
Sewer Rats - 2 on 2 Attempt(s) - 100.00%
- Score 0 goal in Penalty Kill
Mustangs - 3 on 3 Attempt(s) - 100.00%
- Score 0 goal in Penalty Kill
Team Stat
Sewer Rats - Hits : 23 - Faceoff Wins : 28 - Blocked Shots : 6 - Penalty Minutes : 4
Mustangs - Hits : 17 - Faceoff Wins : 27 - Blocked Shots : 8 - Penalty Minutes : 6
Official
Referees : Unknown
Linesman : Unknown
Game Notes
Ryan Murphy is injured at 4:47 of 1st period (Bruised Right Shoulder)
Finance
Level 1 -- Attendance: 1587 (79.35%) -- Ticket Income $63,480
Level 2 -- Attendance: 680 (68.00%) -- Ticket Income $13,600
Total Attendance: 2267 (75.57%)
Total Ticket Income: $77,080
Other Income: $3,854
Total Income: $80,934
Sewer Rats
5 vs 5 Forward
Center Left Wing Right Wing Time % Phy DF OF
1 Jonathan Marchessault Tomas Tatar Mark Mancari 40 1 2 2
2 Vincent Trocheck Daniel Carr Erik Condra 30 1 2 2
3 William Karlsson Anthony Duclair Martin Frk 20 1 2 2
4 Nick Cousins Joseph Blandisi Dmitrij Jaskin 10 1 2 2
5 vs 5 Defense
Defense Defense Time % Phy DF OF
1 Jarred Tinordi Joel Edmundson 40 1 2 2
2 John Ramage Ryan Murphy 30 1 2 2
3 Connor Carrick Jonathan Racine 20 1 2 2
4 Xavier Ouellet Jarred Tinordi 10 1 2 2
PowerPlay Forward
Center Left Wing Right Wing Time % Phy DF OF
1 Jonathan Marchessault Tomas Tatar Mark Mancari 60 1 2 2
2 Vincent Trocheck Daniel Carr Erik Condra 40 1 2 2
PowerPlay Defense
Defense Defense Time % Phy DF OF
1 Jarred Tinordi Joel Edmundson 60 1 2 2
2 John Ramage Ryan Murphy 40 1 2 2
Penalty Kill 4 Players Forward
Center Wing Time % Phy DF OF
1 Mark Mancari Erik Condra 60 1 2 2
2 Tomas Tatar Jonathan Marchessault 40 1 2 2
Penalty Kill 4 Players Defense
Defense Defense Time % Phy DF OF
1 Jarred Tinordi Joel Edmundson 60 1 2 2
2 John Ramage Ryan Murphy 40 1 2 2
Penalty Kill - 3 Players Forward
Forward Time % Phy DF OF
1 Mark Mancari 60 1 2 2
2 Erik Condra 40 1 2 2
Penalty Kill - 3 Players Defense
Defense Defense Time % Phy DF OF
1 Jarred Tinordi Joel Edmundson 60 1 2 2
2 John Ramage Ryan Murphy 40 1 2 2
4 vs 4 Forward
Center Wing Time % Phy DF OF
1 Mark Mancari Erik Condra 60 1 2 2
2 Tomas Tatar Jonathan Marchessault 40 1 2 2
4 vs 4 Defense
Defense Defense Time % Phy DF OF
1 Jarred Tinordi Joel Edmundson 60 1 2 2
2 John Ramage Ryan Murphy 40 1 2 2
Last Minutes Offensive
Center Left Wing Right Wing Defense Defense
Jonathan Marchessault Tomas Tatar Mark Mancari Jarred Tinordi Joel Edmundson
Last Minutes Defensive
Center Left Wing Right Wing Defense Defense
Jonathan Marchessault Tomas Tatar Mark Mancari Jarred Tinordi Joel Edmundson
Goaltenders
Starting : Sergei Kostenko
Backup : Marek Mazanek
Extra Forwards
Normal : William Karlsson, Martin Frk, Nick Cousins - PP : William Karlsson, Martin Frk - PK : Nick Cousins
Extra Defensemen
Normal : Connor Carrick, Jonathan Racine, Xavier Ouellet - PP : Connor Carrick - PK : Jonathan Racine, Xavier Ouellet
Penalty Shots
Mark Mancari, Erik Condra, Tomas Tatar, Jonathan Marchessault, Vincent Trocheck
Scratches
Dominik Kubalik (Healthy), Matt Lashoff (Right Knee Injury), Josh Archibald (Healthy), Tyler Motte (Healthy), Chris Calhan (Healthy)
Steven Kampfer (Sprained Right Ankle Injury), Antoine Bibeau (Healthy)
Mustangs
5 vs 5 Forward
Center Left Wing Right Wing Time % Phy DF OF
1 Melker Karlsson Teuvo Teravainen Andrew Shaw 40 1 2 2
2 Jim O'Brien Joshua Leivo Josh Jooris 30 1 2 2
3 Stefan Matteau JT Compher Pascal Dupuis 20 1 2 2
4 Michael McCarron Curtis Hamilton Jerome Samson 10 1 2 2
5 vs 5 Defense
Defense Defense Time % Phy DF OF
1 Brady Skjei Damon Severson 44 1 2 2
2 Alexei Marchenko Mark Pysyk 33 1 2 2
3 Derek Joslin Scott Mayfield 23 1 2 2
4 Brady Skjei Damon Severson 0 1 2 2
PowerPlay Forward
Center Left Wing Right Wing Time % Phy DF OF
1 Melker Karlsson Teuvo Teravainen Andrew Shaw 60 1 2 2
2 Jim O'Brien Joshua Leivo Josh Jooris 40 1 2 2
PowerPlay Defense
Defense Defense Time % Phy DF OF
1 Brady Skjei Damon Severson 60 1 2 2
2 Alexei Marchenko Mark Pysyk 40 1 2 2
Penalty Kill 4 Players Forward
Center Wing Time % Phy DF OF
1 Melker Karlsson Josh Jooris 60 1 2 2
2 Jim O'Brien Andrew Shaw 40 1 2 2
Penalty Kill 4 Players Defense
Defense Defense Time % Phy DF OF
1 Brady Skjei Damon Severson 60 1 2 2
2 Alexei Marchenko Mark Pysyk 40 1 2 2
Penalty Kill - 3 Players Forward
Forward Time % Phy DF OF
1 Melker Karlsson 60 1 2 2
2 Jim O'Brien 40 1 2 2
Penalty Kill - 3 Players Defense
Defense Defense Time % Phy DF OF
1 Brady Skjei Damon Severson 60 1 2 2
2 Alexei Marchenko Mark Pysyk 40 1 2 2
4 vs 4 Forward
Center Wing Time % Phy DF OF
1 Melker Karlsson Teuvo Teravainen 60 1 2 2
2 Jim O'Brien Josh Jooris 40 1 2 2
4 vs 4 Defense
Defense Defense Time % Phy DF OF
1 Brady Skjei Damon Severson 60 1 2 2
2 Alexei Marchenko Mark Pysyk 40 1 2 2
Last Minutes Offensive
Center Left Wing Right Wing Defense Defense
Melker Karlsson Teuvo Teravainen Andrew Shaw Brady Skjei Damon Severson
Last Minutes Defensive
Center Left Wing Right Wing Defense Defense
Melker Karlsson Teuvo Teravainen Josh Jooris Brady Skjei Alexei Marchenko
Goaltenders
Starting : Joacim Eriksson
Backup : Chet Pickard
Extra Forwards
Normal : Melker Karlsson, Jim O'Brien, Stefan Matteau - PP : Teuvo Teravainen, Josh Jooris - PK : Josh Jooris
Extra Defensemen
Normal : Brady Skjei, Alexei Marchenko, Derek Joslin - PP : Brady Skjei - PK : Brady Skjei, Alexei Marchenko
Penalty Shots
Jim O'Brien, Teuvo Teravainen, Josh Jooris, Joshua Leivo, Stefan Matteau
Scratches
Ryan Graves (Healthy), Eric Knodel (Healthy), Matthew Finn (Healthy), Danny Biega (Healthy), Ben Harpur (Healthy)
Kurtis Gabriel (Healthy), Raphael Bussieres (Healthy), Dakota Mermis (Healthy), Sam Kurker (Healthy), Max Gortz (Healthy)
Riley Nash (Healthy), Francis Paré (Healthy), Anthony Stolarz (Healthy)
% Time on Ice - Sewer Rats
Lines # - Real PCT - Wanted PCT - Time Play
Normal Forward
1 - 33% - 40% - 16:41
2 - 27% - 30% - 13:23
3 - 24% - 20% - 12:15
4 - 16% - 10% - 7:46
Normal Defense
1 - 39% - 40% - 19:41
2 - 34% - 30% - 16:47
3 - 18% - 20% - 8:55
4 - 9% - 10% - 4:42
PP Forward
1 - 50% - 60% - 2:58
2 - 50% - 40% - 2:59
PP Defense
1 - 51% - 60% - 3:01
2 - 49% - 40% - 2:56
PK Forward
1 - 77% - 60% - 3:04
2 - 23% - 40% - 0:54
PK Defense
1 - 44% - 60% - 1:44
2 - 56% - 40% - 2:14
PK3 Forward
1 - 0% - 60%
2 - 0% - 40%
PK3 Defense
1 - 0% - 60%
2 - 0% - 40%
44 Forward
1 - 0% - 60%
2 - 0% - 40%
44 Defense
1 - 0% - 60%
2 - 0% - 40%
Last Minute Offensive - 0:00
Last Minute Defensive - 0:00
Total
Forward - 60:00
Defense - 60:00
|
% Time on Ice - Mustangs
Lines # - Real PCT - Wanted PCT - Time Play
Normal Forward
1 - 35% - 40% - 17:28
2 - 25% - 30% - 12:28
3 - 26% - 20% - 12:56
4 - 14% - 10% - 7:13
Normal Defense
1 - 40% - 44% - 19:58
2 - 32% - 33% - 15:58
3 - 28% - 23% - 14:09
4 - 0% - 0% - 0:00
PP Forward
1 - 53% - 60% - 2:07
2 - 47% - 40% - 1:51
PP Defense
1 - 53% - 60% - 2:05
2 - 47% - 40% - 1:53
PK Forward
1 - 69% - 60% - 4:06
2 - 31% - 40% - 1:51
PK Defense
1 - 62% - 60% - 3:41
2 - 38% - 40% - 2:16
PK3 Forward
1 - 0% - 60%
2 - 0% - 40%
PK3 Defense
1 - 0% - 60%
2 - 0% - 40%
44 Forward
1 - 0% - 60%
2 - 0% - 40%
44 Defense
1 - 0% - 60%
2 - 0% - 40%
Last Minute Offensive - 0:00
Last Minute Defensive - 0:00
Total
Forward - 60:00
Defense - 60:00
|
Play-by-Play
1st period
0:01 of 1st period - Melker Karlsson wins face-off versus Jonathan Marchessault in neutral zone.
0:50 of 1st period - Snap shot by William Karlsson.
0:50 of 1st period - Stopped by Joacim Eriksson with a rebound.
1:58 of 1st period - Snap shot by Josh Jooris.
1:58 of 1st period - Deflect By Joshua Leivo.
1:58 of 1st period - Shot Misses the Net.
1:58 of 1st period - Puck is out of play.
1:59 of 1st period - Melker Karlsson wins face-off versus Jonathan Marchessault in Sewer Rats zone.
2:09 of 1st period - Icing by Mark Mancari.
2:10 of 1st period - Jonathan Marchessault wins face-off versus Stefan Matteau in Sewer Rats zone.
2:27 of 1st period - Slapshot by Mark Mancari.
2:27 of 1st period - Deflect By Jonathan Marchessault.
2:27 of 1st period - Shot Blocked by JT Compher.
2:27 of 1st period - Puck is out of play.
2:28 of 1st period - Martin Frk wins face-off versus Melker Karlsson in Mustangs zone.
3:00 of 1st period - Snap shot by William Karlsson.
3:00 of 1st period - Shot Misses the Net.
3:04 of 1st period - Wrist shot by William Karlsson.
3:04 of 1st period - Stopped by Joacim Eriksson without a rebound.
3:05 of 1st period - Jim O'Brien wins face-off versus Vincent Trocheck in Mustangs zone.
3:05 of 1st period - Jim O'Brien is hit by Daniel Carr.
3:20 of 1st period - Snap shot by Erik Condra.
3:20 of 1st period - Shot Misses the Net.
3:49 of 1st period - Snap shot by Joshua Leivo.
3:49 of 1st period - Shot Misses the Net.
3:57 of 1st period - John Ramage is hit by Derek Joslin and loses puck.
4:08 of 1st period - Slapshot by Josh Jooris.
4:08 of 1st period - Stopped by Sergei Kostenko with a rebound.
4:30 of 1st period - Snap shot by Joshua Leivo.
4:30 of 1st period - Stopped by Sergei Kostenko with a rebound.
4:46 of 1st period - Ryan Murphy is hit by Joshua Leivo and loses puck.
4:47 of 1st period - Ryan Murphy from Sewer Rats is injured at 4:47 of 1st period (Bruised Right Shoulder).
4:48 of 1st period - Melker Karlsson wins face-off versus Jonathan Marchessault in Sewer Rats zone.
4:51 of 1st period - Snap shot by Teuvo Teravainen.
4:51 of 1st period - Stopped by Sergei Kostenko with a rebound.
4:53 of 1st period - Snap shot by Teuvo Teravainen.
4:53 of 1st period - Shot Hit the Post.
5:05 of 1st period - Andrew Shaw is hit by Tomas Tatar and loses puck.
5:26 of 1st period - Snap shot by Erik Condra.
5:26 of 1st period - Stopped by Joacim Eriksson with a rebound.
5:42 of 1st period - Curtis Hamilton is hit by Martin Frk and loses puck.
6:20 of 1st period - Alexei Marchenko is hit by Daniel Carr.
6:24 of 1st period - Vincent Trocheck is hit by Derek Joslin.
6:46 of 1st period - Jonathan Marchessault is hit by Derek Joslin.
7:30 of 1st period - Snap shot by Melker Karlsson.
7:30 of 1st period - Shot Misses the Net.
7:44 of 1st period - Snap shot by Pascal Dupuis.
7:44 of 1st period - Shot Blocked by Vincent Trocheck.
8:28 of 1st period - Wrist shot by William Karlsson.
8:28 of 1st period - Goal by William Karlsson - Sewer Rats : 1 - Mustangs : 0.
8:29 of 1st period - Melker Karlsson wins face-off versus Jonathan Marchessault in neutral zone.
8:32 of 1st period - Snap shot by Teuvo Teravainen.
8:32 of 1st period - Stopped by Sergei Kostenko with a rebound.
8:37 of 1st period - Off-side.
8:38 of 1st period - Jonathan Marchessault wins face-off versus Melker Karlsson in neutral zone.
8:51 of 1st period - Snap shot by Tomas Tatar.
8:51 of 1st period - Stopped by Joacim Eriksson with a rebound.
8:53 of 1st period - Slapshot by Jarred Tinordi.
8:53 of 1st period - Deflect By Mark Mancari.
8:53 of 1st period - Shot Blocked by Damon Severson.
8:53 of 1st period - Puck is out of play.
8:54 of 1st period - Vincent Trocheck wins face-off versus Melker Karlsson in Mustangs zone.
8:57 of 1st period - Snap shot by Erik Condra.
8:57 of 1st period - Stopped by Joacim Eriksson with a rebound.
8:59 of 1st period - Snap shot by Erik Condra.
8:59 of 1st period - Shot Blocked by Brady Skjei.
9:16 of 1st period - Icing by Brady Skjei.
9:17 of 1st period - Jonathan Marchessault wins face-off versus Josh Jooris in Mustangs zone.
9:43 of 1st period - Minor Penalty to Andrew Shaw for Slashing.
9:44 of 1st period - Melker Karlsson wins face-off versus Jonathan Marchessault in Mustangs zone.
9:59 of 1st period - Snap shot by Tomas Tatar.
9:59 of 1st period - Shot Misses the Net.
10:50 of 1st period - Off-side.
10:51 of 1st period - Jonathan Marchessault wins face-off versus Stefan Matteau in neutral zone.
11:04 of 1st period - Damon Severson is hit by Tomas Tatar.
11:43 of 1st period - Penalty to Andrew Shaw is over, Andrew Shaw is back on ice.
12:09 of 1st period - Wrist shot by Brady Skjei.
12:09 of 1st period - Stopped by Sergei Kostenko with a rebound.
12:15 of 1st period - Brady Skjei is hit by Jarred Tinordi and loses puck.
12:26 of 1st period - Slapshot by Damon Severson.
12:26 of 1st period - Shot Misses the Net.
12:53 of 1st period - Snap shot by Jerome Samson.
12:53 of 1st period - Stopped by Sergei Kostenko with a rebound.
13:13 of 1st period - Wrist shot by Nick Cousins.
13:13 of 1st period - Stopped by Joacim Eriksson with a rebound.
13:16 of 1st period - Icing by Melker Karlsson.
13:17 of 1st period - Jonathan Marchessault wins face-off versus Melker Karlsson in Mustangs zone.
13:50 of 1st period - Melker Karlsson is hit by Jonathan Racine and loses puck.
14:11 of 1st period - Wrist shot by Martin Frk.
14:11 of 1st period - Shot Misses the Net.
14:13 of 1st period - Minor Penalty to Mark Pysyk for Holding.
14:14 of 1st period - Stefan Matteau wins face-off versus Jonathan Marchessault in Mustangs zone.
14:45 of 1st period - Slapshot by Erik Condra.
14:45 of 1st period - Stopped by Joacim Eriksson with a rebound.
16:13 of 1st period - Penalty to Mark Pysyk is over, Mark Pysyk is back on ice.
16:21 of 1st period - Slapshot by Melker Karlsson.
16:21 of 1st period - Stopped by Sergei Kostenko without a rebound.
16:22 of 1st period - Curtis Hamilton wins face-off versus William Karlsson in Sewer Rats zone.
16:32 of 1st period - Icing by Jarred Tinordi.
16:33 of 1st period - William Karlsson wins face-off versus Stefan Matteau in Sewer Rats zone.
16:42 of 1st period - Snap shot by Pascal Dupuis.
16:42 of 1st period - Stopped by Sergei Kostenko with a rebound.
16:46 of 1st period - Wrist shot by Stefan Matteau.
16:46 of 1st period - Shot Misses the Net.
16:48 of 1st period - Wrist shot by Pascal Dupuis.
16:48 of 1st period - Shot Misses the Net.
17:06 of 1st period - Snap shot by Tomas Tatar.
17:06 of 1st period - Stopped by Joacim Eriksson without a rebound.
17:07 of 1st period - Melker Karlsson wins face-off versus Jonathan Marchessault in Mustangs zone.
17:13 of 1st period - Off-side.
17:14 of 1st period - Melker Karlsson wins face-off versus Jonathan Marchessault in neutral zone.
17:17 of 1st period - Wrist shot by Melker Karlsson.
17:17 of 1st period - Deflect By Andrew Shaw.
17:17 of 1st period - Shot Misses the Net.
17:17 of 1st period - Puck is out of play.
17:18 of 1st period - Melker Karlsson wins face-off versus Jonathan Marchessault in Sewer Rats zone.
17:45 of 1st period - Vincent Trocheck is hit by Joshua Leivo and loses puck.
17:56 of 1st period - Snap shot by Joshua Leivo.
17:56 of 1st period - Stopped by Sergei Kostenko without a rebound.
17:57 of 1st period - Jonathan Marchessault wins face-off versus Stefan Matteau in Sewer Rats zone.
18:22 of 1st period - Alexei Marchenko is hit by Vincent Trocheck and loses puck.
18:41 of 1st period - Minor Penalty to Mark Pysyk for Boarding.
18:42 of 1st period - Melker Karlsson wins face-off versus Jonathan Marchessault in Mustangs zone.
19:13 of 1st period - Joel Edmundson is hit by Andrew Shaw and loses puck.
Goals for this period are 1 for Sewer Rats vs 0 for Mustangs.
Shots for this period are 9 for Sewer Rats vs 9 for Mustangs.
2nd period
0:01 of 2nd period - Jonathan Marchessault wins face-off versus Melker Karlsson in neutral zone.
0:13 of 2nd period - Wrist shot by Tomas Tatar.
0:13 of 2nd period - Stopped by Joacim Eriksson with a rebound.
0:41 of 2nd period - Penalty to Mark Pysyk is over, Mark Pysyk is back on ice.
0:48 of 2nd period - JT Compher is hit by William Karlsson and loses puck.
2:19 of 2nd period - Snap shot by JT Compher.
2:19 of 2nd period - Goal by JT Compher - Sewer Rats : 1 - Mustangs : 1.
2:20 of 2nd period - Melker Karlsson wins face-off versus Jonathan Marchessault in neutral zone.
2:30 of 2nd period - Snap shot by Jonathan Marchessault.
2:30 of 2nd period - Shot Misses the Net.
2:32 of 2nd period - Slapshot by Mark Mancari.
2:32 of 2nd period - Stopped by Joacim Eriksson with a rebound.
2:34 of 2nd period - Snap shot by Jonathan Marchessault.
2:34 of 2nd period - Shot Misses the Net.
2:36 of 2nd period - Slapshot by Joel Edmundson.
2:36 of 2nd period - Stopped by Joacim Eriksson with a rebound.
2:43 of 2nd period - Icing by Brady Skjei.
2:44 of 2nd period - Melker Karlsson wins face-off versus Vincent Trocheck in Mustangs zone.
2:44 of 2nd period - Melker Karlsson is hit by Erik Condra.
3:16 of 2nd period - Snap shot by Mark Mancari.
3:16 of 2nd period - Stopped by Joacim Eriksson without a rebound.
3:17 of 2nd period - Melker Karlsson wins face-off versus Jonathan Marchessault in Mustangs zone.
3:17 of 2nd period - Melker Karlsson is hit by Jarred Tinordi.
3:29 of 2nd period - Snap shot by Tomas Tatar.
3:29 of 2nd period - Stopped by Joacim Eriksson with a rebound.
3:31 of 2nd period - Wrist shot by Tomas Tatar.
3:31 of 2nd period - Shot Misses the Net.
3:33 of 2nd period - Snap shot by Jarred Tinordi.
3:33 of 2nd period - Stopped by Joacim Eriksson without a rebound.
3:34 of 2nd period - Vincent Trocheck wins face-off versus Jim O'Brien in Mustangs zone.
3:41 of 2nd period - Snap shot by Erik Condra.
3:41 of 2nd period - Shot Misses the Net.
3:59 of 2nd period - Melker Karlsson is hit by Joel Edmundson and loses puck.
4:20 of 2nd period - Snap shot by Jerome Samson.
4:20 of 2nd period - Shot Misses the Net.
4:39 of 2nd period - Slapshot by Mark Mancari.
4:39 of 2nd period - Stopped by Joacim Eriksson without a rebound.
4:40 of 2nd period - Vincent Trocheck wins face-off versus Stefan Matteau in Mustangs zone.
5:03 of 2nd period - Backhand shot by Stefan Matteau.
5:03 of 2nd period - Shot Misses the Net.
5:09 of 2nd period - Stefan Matteau is hit by John Ramage and loses puck.
5:28 of 2nd period - Wrist shot by Andrew Shaw.
5:28 of 2nd period - Shot Misses the Net.
5:51 of 2nd period - Wrist shot by Daniel Carr.
5:51 of 2nd period - Shot Misses the Net.
6:01 of 2nd period - Daniel Carr is hit by Josh Jooris and loses puck.
6:21 of 2nd period - Minor Penalty to Xavier Ouellet for Roughing.
6:22 of 2nd period - Melker Karlsson wins face-off versus Mark Mancari in Sewer Rats zone.
6:36 of 2nd period - Andrew Shaw is hit by Jonathan Racine and loses puck.
6:57 of 2nd period - Slapshot by Damon Severson.
6:57 of 2nd period - Shot Blocked by Erik Condra.
6:59 of 2nd period - Slapshot by Josh Jooris.
6:59 of 2nd period - Shot Misses the Net.
8:21 of 2nd period - Penalty to Xavier Ouellet is over, Xavier Ouellet is back on ice.
8:24 of 2nd period - Slapshot by Daniel Carr.
8:24 of 2nd period - Goal by Daniel Carr - Sewer Rats : 2 - Mustangs : 1.
8:25 of 2nd period - Jonathan Marchessault wins face-off versus Stefan Matteau in neutral zone.
8:38 of 2nd period - Slapshot by Tomas Tatar.
8:38 of 2nd period - Shot Misses the Net.
8:40 of 2nd period - Snap shot by Jonathan Marchessault.
8:40 of 2nd period - Stopped by Joacim Eriksson with a rebound.
9:11 of 2nd period - Snap shot by Josh Jooris.
9:11 of 2nd period - Stopped by Sergei Kostenko with a rebound.
9:13 of 2nd period - Snap shot by Joshua Leivo.
9:13 of 2nd period - Stopped by Sergei Kostenko with a rebound.
9:15 of 2nd period - Snap shot by Joshua Leivo.
9:15 of 2nd period - Goal by Joshua Leivo - Sewer Rats : 2 - Mustangs : 2.
9:16 of 2nd period - Andrew Shaw wins face-off versus Jonathan Marchessault in neutral zone.
10:01 of 2nd period - Slapshot by Stefan Matteau.
10:01 of 2nd period - Deflect By JT Compher.
10:01 of 2nd period - Stopped by Sergei Kostenko without a rebound.
10:02 of 2nd period - William Karlsson wins face-off versus Stefan Matteau in Sewer Rats zone.
10:07 of 2nd period - Slapshot by Pascal Dupuis.
10:07 of 2nd period - Stopped by Sergei Kostenko with a rebound.
10:09 of 2nd period - Slapshot by Brady Skjei.
10:09 of 2nd period - Stopped by Sergei Kostenko with a rebound.
10:11 of 2nd period - Slapshot by Brady Skjei.
10:11 of 2nd period - Stopped by Sergei Kostenko without a rebound.
10:12 of 2nd period - Andrew Shaw wins face-off versus Jonathan Marchessault in Sewer Rats zone.
10:15 of 2nd period - Snap shot by Melker Karlsson.
10:15 of 2nd period - Shot Blocked by Jarred Tinordi.
10:17 of 2nd period - Wrist shot by Andrew Shaw.
10:17 of 2nd period - Stopped by Sergei Kostenko without a rebound.
10:18 of 2nd period - Melker Karlsson wins face-off versus Jonathan Marchessault in Sewer Rats zone.
10:33 of 2nd period - Snap shot by Tomas Tatar.
10:33 of 2nd period - Stopped by Joacim Eriksson with a rebound.
10:53 of 2nd period - Snap shot by Daniel Carr.
10:53 of 2nd period - Stopped by Joacim Eriksson without a rebound.
10:54 of 2nd period - Andrew Shaw wins face-off versus Jonathan Marchessault in Mustangs zone.
10:54 of 2nd period - Andrew Shaw is hit by Mark Mancari.
11:02 of 2nd period - Wrist shot by Tomas Tatar.
11:02 of 2nd period - Deflect By Mark Mancari.
11:02 of 2nd period - Stopped by Joacim Eriksson with a rebound.
11:04 of 2nd period - Slapshot by Tomas Tatar.
11:04 of 2nd period - Stopped by Joacim Eriksson without a rebound.
11:05 of 2nd period - Melker Karlsson wins face-off versus Jonathan Marchessault in Mustangs zone.
11:20 of 2nd period - Teuvo Teravainen is hit by Tomas Tatar.
11:34 of 2nd period - Slapshot by Brady Skjei.
11:34 of 2nd period - Shot Blocked by Jarred Tinordi.
11:36 of 2nd period - Snap shot by Joshua Leivo.
11:36 of 2nd period - Shot Misses the Net.
11:38 of 2nd period - Slapshot by Brady Skjei.
11:38 of 2nd period - Shot Misses the Net.
11:40 of 2nd period - Wrist shot by Josh Jooris.
11:40 of 2nd period - Stopped by Sergei Kostenko with a rebound.
12:06 of 2nd period - Wrist shot by William Karlsson.
12:06 of 2nd period - Shot Misses the Net.
12:43 of 2nd period - Slapshot by Jonathan Marchessault.
12:43 of 2nd period - Stopped by Joacim Eriksson with a rebound.
12:45 of 2nd period - Snap shot by Mark Mancari.
12:45 of 2nd period - Shot Misses the Net.
12:47 of 2nd period - Slapshot by Joel Edmundson.
12:47 of 2nd period - Shot Blocked by Andrew Shaw.
13:57 of 2nd period - Slapshot by Derek Joslin.
13:57 of 2nd period - Shot Misses the Net.
14:39 of 2nd period - Snap shot by Daniel Carr.
14:39 of 2nd period - Stopped by Joacim Eriksson with a rebound.
14:41 of 2nd period - Slapshot by John Ramage.
14:41 of 2nd period - Stopped by Joacim Eriksson with a rebound.
15:13 of 2nd period - Slapshot by Erik Condra.
15:13 of 2nd period - Stopped by Joacim Eriksson with a rebound.
15:45 of 2nd period - Slapshot by Vincent Trocheck.
15:45 of 2nd period - Deflect By Scott Mayfield.
15:45 of 2nd period - Stopped by Joacim Eriksson without a rebound.
15:46 of 2nd period - Andrew Shaw wins face-off versus Jonathan Marchessault in Mustangs zone.
16:44 of 2nd period - Wrist shot by Martin Frk.
16:44 of 2nd period - Stopped by Joacim Eriksson with a rebound.
16:46 of 2nd period - Snap shot by Anthony Duclair.
16:46 of 2nd period - Shot Blocked by Alexei Marchenko.
16:56 of 2nd period - Wrist shot by Teuvo Teravainen.
16:56 of 2nd period - Shot Blocked by Tomas Tatar.
16:58 of 2nd period - Snap shot by Alexei Marchenko.
16:58 of 2nd period - Shot Misses the Net.
17:00 of 2nd period - Slapshot by Alexei Marchenko.
17:00 of 2nd period - Shot Misses the Net.
17:02 of 2nd period - Wrist shot by Melker Karlsson.
17:02 of 2nd period - Shot Blocked by Jonathan Marchessault.
17:12 of 2nd period - Snap shot by Nick Cousins.
17:12 of 2nd period - Stopped by Joacim Eriksson without a rebound.
17:13 of 2nd period - Nick Cousins wins face-off versus Jim O'Brien in Mustangs zone.
17:52 of 2nd period - Slapshot by Brady Skjei.
17:52 of 2nd period - Stopped by Sergei Kostenko without a rebound.
17:53 of 2nd period - William Karlsson wins face-off versus Michael McCarron in Sewer Rats zone.
18:21 of 2nd period - Jonathan Marchessault is hit by Teuvo Teravainen.
18:52 of 2nd period - Alexei Marchenko is hit by Dmitrij Jaskin and loses puck.
19:07 of 2nd period - Snap shot by Martin Frk.
19:07 of 2nd period - Shot Misses the Net.
Goals for this period are 1 for Sewer Rats vs 2 for Mustangs.
Shots for this period are 20 for Sewer Rats vs 11 for Mustangs.
3rd period
0:01 of 3rd period - Jonathan Marchessault wins face-off versus Melker Karlsson in neutral zone.
2:00 of 3rd period - Snap shot by Jim O'Brien.
2:00 of 3rd period - Stopped by Sergei Kostenko without a rebound.
2:01 of 3rd period - Jim O'Brien wins face-off versus Jonathan Marchessault in Sewer Rats zone.
2:02 of 3rd period - Wrist shot by Josh Jooris.
2:02 of 3rd period - Stopped by Sergei Kostenko with a rebound.
2:05 of 3rd period - Icing by Jonathan Marchessault.
2:06 of 3rd period - Jonathan Marchessault wins face-off versus Jim O'Brien in Sewer Rats zone.
2:56 of 3rd period - Slapshot by Jerome Samson.
2:56 of 3rd period - Stopped by Sergei Kostenko with a rebound.
3:01 of 3rd period - Icing by Anthony Duclair.
3:02 of 3rd period - William Karlsson wins face-off versus Melker Karlsson in Sewer Rats zone.
3:02 of 3rd period - William Karlsson is hit by Andrew Shaw.
3:35 of 3rd period - Wrist shot by Martin Frk.
3:35 of 3rd period - Stopped by Joacim Eriksson with a rebound.
3:40 of 3rd period - Brady Skjei is hit by Jonathan Marchessault and loses puck.
4:14 of 3rd period - Vincent Trocheck is hit by JT Compher and loses puck.
4:21 of 3rd period - Vincent Trocheck is hit by JT Compher and loses puck.
5:41 of 3rd period - Slapshot by Stefan Matteau.
5:41 of 3rd period - Shot Misses the Net.
5:45 of 3rd period - Slapshot by Pascal Dupuis.
5:45 of 3rd period - Shot Misses the Net.
5:47 of 3rd period - Slapshot by Pascal Dupuis.
5:47 of 3rd period - Stopped by Sergei Kostenko with a rebound.
5:49 of 3rd period - Snap shot by JT Compher.
5:49 of 3rd period - Stopped by Sergei Kostenko with a rebound.
5:51 of 3rd period - Snap shot by Pascal Dupuis.
5:51 of 3rd period - Stopped by Sergei Kostenko without a rebound.
5:52 of 3rd period - Jonathan Marchessault wins face-off versus Melker Karlsson in Sewer Rats zone.
6:32 of 3rd period - Joel Edmundson is hit by Josh Jooris.
6:53 of 3rd period - Derek Joslin is hit by Dmitrij Jaskin and loses puck.
7:25 of 3rd period - Slapshot by Brady Skjei.
7:25 of 3rd period - Stopped by Sergei Kostenko with a rebound.
8:55 of 3rd period - Martin Frk is hit by Melker Karlsson and loses puck.
9:02 of 3rd period - Minor Penalty to Jarred Tinordi for High sticking.
9:03 of 3rd period - Mark Mancari wins face-off versus Melker Karlsson in Sewer Rats zone.
9:16 of 3rd period - Snap shot by Melker Karlsson.
9:16 of 3rd period - Shot Misses the Net.
11:00 of 3rd period - John Ramage is hit by Brady Skjei and loses puck.
11:02 of 3rd period - Penalty to Jarred Tinordi is over, Jarred Tinordi is back on ice.
11:35 of 3rd period - Icing by Derek Joslin.
11:36 of 3rd period - Nick Cousins wins face-off versus Michael McCarron in Mustangs zone.
11:43 of 3rd period - Snap shot by Dmitrij Jaskin.
11:43 of 3rd period - Deflect By Joseph Blandisi.
11:43 of 3rd period - Stopped by Joacim Eriksson with a rebound.
12:04 of 3rd period - Slapshot by Derek Joslin.
12:04 of 3rd period - Stopped by Sergei Kostenko with a rebound.
12:06 of 3rd period - Snap shot by Stefan Matteau.
12:06 of 3rd period - Stopped by Sergei Kostenko with a rebound.
12:08 of 3rd period - Wrist shot by Stefan Matteau.
12:08 of 3rd period - Stopped by Sergei Kostenko without a rebound.
12:09 of 3rd period - Jonathan Marchessault wins face-off versus Melker Karlsson in Sewer Rats zone.
12:16 of 3rd period - Slapshot by Jarred Tinordi.
12:16 of 3rd period - Shot Blocked by Brady Skjei.
12:34 of 3rd period - Daniel Carr is hit by Jim O'Brien and loses puck.
15:17 of 3rd period - Mark Pysyk is hit by Erik Condra and loses puck.
15:29 of 3rd period - Off-side.
15:30 of 3rd period - William Karlsson wins face-off versus Stefan Matteau in neutral zone.
15:45 of 3rd period - Snap shot by William Karlsson.
15:45 of 3rd period - Shot Misses the Net.
15:55 of 3rd period - Tomas Tatar is hit by Andrew Shaw and loses puck.
16:18 of 3rd period - Slapshot by Josh Jooris.
16:18 of 3rd period - Goal by Josh Jooris - Sewer Rats : 2 - Mustangs : 3.
16:19 of 3rd period - Melker Karlsson wins face-off versus Jonathan Marchessault in neutral zone.
16:35 of 3rd period - Off-side.
16:36 of 3rd period - William Karlsson wins face-off versus Jim O'Brien in neutral zone.
16:43 of 3rd period - Snap shot by William Karlsson.
16:43 of 3rd period - Stopped by Joacim Eriksson without a rebound.
16:44 of 3rd period - Jim O'Brien wins face-off versus William Karlsson in Mustangs zone.
17:11 of 3rd period - Snap shot by William Karlsson.
17:11 of 3rd period - Shot Blocked by Damon Severson.
17:13 of 3rd period - Slapshot by Joel Edmundson.
17:13 of 3rd period - Shot Blocked by Teuvo Teravainen.
17:15 of 3rd period - Backhand shot by William Karlsson.
17:15 of 3rd period - Stopped by Joacim Eriksson with a rebound.
17:17 of 3rd period - Slapshot by Joel Edmundson.
17:17 of 3rd period - Shot Misses the Net.
17:19 of 3rd period - Slapshot by Joel Edmundson.
17:19 of 3rd period - Stopped by Joacim Eriksson without a rebound.
17:20 of 3rd period - Jonathan Marchessault wins face-off versus Jim O'Brien in Mustangs zone.
17:21 of 3rd period - Wrist shot by Mark Mancari.
17:21 of 3rd period - Shot Misses the Net.
17:33 of 3rd period - Slapshot by Josh Jooris.
17:33 of 3rd period - Stopped by Sergei Kostenko without a rebound.
17:34 of 3rd period - Jonathan Marchessault wins face-off versus Melker Karlsson in Sewer Rats zone.
17:48 of 3rd period - Off-side.
17:49 of 3rd period - Teuvo Teravainen wins face-off versus William Karlsson in neutral zone.
18:04 of 3rd period - Wrist shot by Andrew Shaw.
18:04 of 3rd period - Shot Misses the Net.
18:14 of 3rd period - Joel Edmundson is hit by Jim O'Brien and loses puck.
18:21 of 3rd period - Joshua Leivo is hit by Jonathan Racine and loses puck.
18:31 of 3rd period - Icing by Brady Skjei.
18:32 of 3rd period - Vincent Trocheck wins face-off versus Jim O'Brien in Mustangs zone.
18:39 of 3rd period - Slapshot by Jim O'Brien.
18:39 of 3rd period - Goal by Jim O'Brien - Sewer Rats : 2 - Mustangs : 4.
18:40 of 3rd period - Melker Karlsson wins face-off versus Jonathan Marchessault in neutral zone.
19:28 of 3rd period - Stefan Matteau is hit by Jarred Tinordi and loses puck.
19:50 of 3rd period - Mark Pysyk is hit by Connor Carrick and loses puck.
Goals for this period are 0 for Sewer Rats vs 2 for Mustangs.
Shots for this period are 5 for Sewer Rats vs 13 for Mustangs.
Back to the Top